 Dungeon Sprint DCSS version 0.26.1-2-gb8aa6d0cf2 (webtiles) character file.

Game seed: 10441731405236279665

9000000 Groucho the Axe Maniac (level 27, -3/298 HPs)
             Began as a Deep Dwarf Abyssal Knight on Feb 17, 2021.
             Was the Champion of Makhleb.
             Slain by a meat berserker
             ... wielding a +9 battleaxe
              (29 damage)
             ... in the Dungeon (Sprint VIII: "Arena of Blood").
             The game lasted 00:03:51 (90 turns).

Groucho the Axe Maniac (Deep Dwarf Abyssal Knight)    Turns: 90, Time: 00:03:52

Health: -3/298     AC:  6    Str: 19    XL:     27
Magic:  34/54      EV: 35    Int: 14    God:    Makhleb [******]
Gold:   0          SH:  0    Dex: 21    Spells: 80/80 levels left

rFire    . . .     SeeInvis .   i - +∞ Axe of Woe
rCold    . . .     Faith    .   (shield currently unavailable)
rNeg     + . .     Spirit   .   b - +0 leather armour
rPois    .         Reflect  .   (no helmet)
rElec    .         Harm     .   (no cloak)
rCorr    .         Rampage  .   (no gloves)
Will     ++++.     NoTele   +   (no boots)
Stlth    ++++++++++             (no amulet)
HPRegen  0.00/turn              (no ring)
MPRegen  0.34/turn              (no ring)

@: non-regenerating
A: damage resistance, heal wounds, negative energy resistance 1, sense
surroundings 3, no regeneration
a: Heal Wounds, Renounce Religion, Minor Destruction, Lesser Servant of Makhleb,
Major Destruction, Greater Servant of Makhleb


You were in the Dungeon.
You worshipped Makhleb.
Makhleb was exalted by your worship.
You visited 1 branch

Inventory:

Hand Weapons
 a - a +1 hand axe
 i - the +∞ Axe of Woe (weapon)
   (You found it in the Dungeon)
Armour
 b - a +0 leather armour (worn)
Jewellery
 j - a +200 ring of slaying
Scrolls
 h - a scroll of blinking
Potions
 c - a potion of curing
 d - a potion of heal wounds
 e - a potion of haste
 f - 2 potions of magic
 g - a potion of berserk rage


   Skills:
 O Level 27 Fighting
 + Level 24.8(27) Short Blades
 O Level 27 Long Blades
 O Level 27 Axes
 + Level 26.6(27) Maces & Flails
 O Level 27 Polearms
 + Level 24.9(27) Staves
 O Level 27 Slings
 + Level 21.5 Bows
 O Level 27 Crossbows
 + Level 24.9(27) Throwing
 O Level 27 Armour
 O Level 27 Dodging
 O Level 27 Stealth
 O Level 27 Shields
 + Level 24.9 Unarmed Combat
 O Level 27 Spellcasting
 + Level 24.9 Conjurations
 + Level 23.1 Hexes
 + Level 24.8 Summonings
 O Level 27 Necromancy
 O Level 27 Translocations
 + Level 24.9 Transmutations
 + Level 24.9 Fire Magic
 + Level 24.9 Ice Magic
 + Level 21.7 Air Magic
 O Level 27 Earth Magic
 + Level 23.2 Poison Magic
 O Level 27 Invocations
 O Level 27 Evocations


You had 80 spell levels left.
You didn't know any spells.
Your spell library was empty.

Dungeon Overview and Level Annotations

Branches:
Dungeon (1/1)

Altars:
Makhleb


Innate Abilities, Weirdness & Mutations

You are resistant to damage.
You can heal yourself by infusing magical energy.
You resist negative energy. (rN+)
You passively map a large area around you.
You do not regenerate.


Message History

A corpse begins to drag itself along the ground!
Some corpses meld into an agglomeration of writhing flesh!
You hear a shout! x2
The dread hits you but does no damage.
You hear a shout! x3
The meat berserker rages.
The dread calls on the powers of darkness!
Your body is wracked with pain!
* * * LOW HITPOINT WARNING * * *
The meat berserker convulses! x2; The bag of meat convulses!
The meat berserker convulses!
The bag of meat convulses! x3
The eight-headed meat hydra convulses!
The dread calls on the powers of darkness!
The meat berserker convulses!
Your body is wracked with pain!
* * * LOW HITPOINT WARNING * * *
The meat berserker convulses!
The bag of meat convulses! x2
A bag of meat comes into view. It is wielding a +9 war axe.
You hear a shout!
The meat berserker hits you with a +9 battleaxe!!
You die...

.X ,..§)§ , , ,
, ,X....,XDz , ,
, #... ,.o# ,,,
, ,,, ,. ,,#.V.,
XL#, ,. , , * ,
..###... .X###o.
, , , ,
......###ooX....
, ** ,
......L_)O.O....
,,, , ,, ,,
#.)XWW# * , * ,
#_)<@_# , , , ,
,, ,, , ,,,
#.)O)x# , * , ,
, ......_..x.V.,
, ,
.....o###....Wo,
* , , o.###.W.,
..###.2 ,, ,,,
,,. #... ..# . ,
, , #... ..# ,,
,,, , , , .....
... , , , , ,, ,
, ,, ,,


You could see 4 tentacled monstrosities, a meat beast (wandering, fast), 2
tyrants, an eight-headed meat hydra, a sculptor of flesh, a large abomination
(summoned), 4 dreads, 3 meat berserkers, a small abomination, 5 bags of meat and
a crawling corpse.

Vanquished Creatures
  A hell beast (D)
  A royal mummy (D)
  8 vampire knights (D)
  25 ogres (D)
  4 two-headed ogres (D)
  A lich (D)
  24 orcs (D)
  A phantom (D)
  7 skeletal warriors (D)
  A starcursed mass (D)
  4 small abominations (D)
  A wretched star (D)
  7 large abominations (D)
  5 crawling corpses (D)
90 creatures vanquished.

Vanquished Creatures (others)
  A two-headed ogre (D)
  2 orcs (D)
3 creatures vanquished.

Grand Total: 93 creatures vanquished

Notes
Turn   | Place    | Note
-------+----------+-------------------------------------------
     0 | D        | Found the +∞ Axe of Woe
     0 | D        | Groucho the Deep Dwarf Abyssal Knight began the quest for
                  | the Orb.
     0 | D        | Reached XP level 1. HP: 20/20 MP: 2/2
     2 | D        | Noticed a bag of meat
     4 | D        | Fell from the grace of Lugonu
     4 | D        | Became a worshipper of Makhleb the Destroyer
     4 | D        | Noticed a bag of meat
     5 | D        | Noticed a bag of meat
     5 | D        | Noticed a bag of meat
     6 | D        | Noticed a bag of meat
     6 | D        | Noticed a bag of meat
     7 | D        | Killed a bag of meat
     8 | D        | Reached XP level 2. HP: 27/27 MP: 3/3
     8 | D        | Reached XP level 3. HP: 33/33 MP: 4/4
     8 | D        | Reached XP level 4. HP: 40/40 MP: 5/5
     8 | D        | Reached XP level 5. HP: 46/46 MP: 6/6
     8 | D        | Reached XP level 6. HP: 55/55 MP: 7/7
     8 | D        | Reached XP level 7. HP: 61/61 MP: 8/8
     8 | D        | Reached XP level 8. HP: 68/68 MP: 9/9
     8 | D        | Gained mutation: You passively map the area around you.
                  | [Deep Dwarf growth]
     8 | D        | Reached XP level 9. HP: 74/74 MP: 10/10
     8 | D        | Reached XP level 10. HP: 81/81 MP: 11/11
     8 | D        | Reached XP level 11. HP: 88/88 MP: 12/12
     8 | D        | Killed a bag of meat
     8 | D        | Reached * piety under Makhleb
     9 | D        | Reached XP level 12. HP: 96/96 MP: 13/13
     9 | D        | Killed a bag of meat
    10 | D        | Reached XP level 13. HP: 102/102 MP: 14/14
    10 | D        | Noticed a meat berserker
    11 | D        | Killed a bag of meat
    11 | D        | Killed a bag of meat
    11 | D        | Reached ** piety under Makhleb
    12 | D        | Reached skill level 27 in Axes
    12 | D        | Reached skill level 27 in Dodging
    12 | D        | Gained mutation: You resist negative energy. (rN+) [Deep
                  | Dwarf growth]
    12 | D        | Reached XP level 14. HP: 135/135 MP: 15/15
    15 | D        | Killed a meat berserker
    16 | D        | Reached XP level 15. HP: 158/158 MP: 16/16
    17 | D        | Noticed a meat berserker
    17 | D        | Noticed a meat berserker
    19 | D        | Noticed a large bag of meat
    20 | D        | Killed a meat berserker
    21 | D        | Reached XP level 16. HP: 178/178 MP: 17/17
    22 | D        | Killed a meat berserker
    22 | D        | Reached *** piety under Makhleb
    22 | D        | Killed a large bag of meat
    22 | D        | Noticed a meat berserker
    22 | D        | Noticed a meat berserker
    23 | D        | Reached skill level 27 in Armour
    23 | D        | Reached XP level 17. HP: 180/207 MP: 18/18
    24 | D        | Killed a meat berserker
    25 | D        | Reached skill level 27 in Fighting
    27 | D        | Killed a meat berserker
    27 | D        | Reached **** piety under Makhleb
    28 | D        | Gained mutation: You passively map a large area around you.
                  | [Deep Dwarf growth]
    28 | D        | Reached XP level 18. HP: 218/218 MP: 18/38
    28 | D        | Noticed a large bag of meat
    31 | D        | Noticed a destroyer
    31 | D        | Noticed a meat berserker
    32 | D        | Noticed a sculptor of flesh
    33 | D        | Killed a large bag of meat
    34 | D        | Reached skill level 27 in Invocations
    34 | D        | Noticed a meat berserker
    34 | D        | Noticed a meat berserker
    37 | D        | Killed a meat berserker
    37 | D        | Reached ***** piety under Makhleb
    37 | D        | Noticed a destroyer
    38 | D        | Reached XP level 19. HP: 215/226 MP: 21/47
    38 | D        | Killed a meat berserker
    39 | D        | Reached skill level 27 in Spellcasting
    39 | D        | Reached skill level 1 in Bows
    39 | D        | Reached skill level 1 in Hexes
    39 | D        | Reached skill level 1 in Summonings
    39 | D        | Reached skill level 1 in Air Magic
    40 | D        | Killed a meat berserker
    40 | D        | Killed a destroyer
    41 | D        | Reached skill level 10 in Long Blades
    41 | D        | Reached skill level 5 in Bows
    41 | D        | Reached skill level 5 in Hexes
    41 | D        | Reached skill level 5 in Air Magic
    41 | D        | Reached skill level 5 in Poison Magic
    41 | D        | Reached XP level 20. HP: 227/236 MP: 21/51
    41 | D        | Killed a destroyer
    41 | D        | Noticed a meat berserker
    42 | D        | Reached skill level 10 in Stealth
    42 | D        | Reached skill level 10 in Earth Magic
    42 | D        | Reached skill level 10 in Evocations
    42 | D        | Noticed a meat berserker
    43 | D        | Reached XP level 21. HP: 234/244 MP: 22/52
    43 | D        | Noticed a large bag of meat
    44 | D        | Noticed a destroyer
    45 | D        | Noticed a destroyer
    46 | D        | Reached ****** piety under Makhleb
    47 | D        | Reached skill level 10 in Slings
    47 | D        | Reached skill level 10 in Crossbows
    47 | D        | Reached skill level 10 in Shields
    47 | D        | Reached skill level 10 in Necromancy
    47 | D        | Reached skill level 10 in Translocations
    47 | D        | Killed a destroyer
    47 | D        | Noticed a tyrant
    48 | D        | Reached skill level 15 in Stealth
    48 | D        | Reached skill level 10 in Hexes
    48 | D        | Reached skill level 15 in Earth Magic
    48 | D        | Reached skill level 10 in Poison Magic
    48 | D        | Reached skill level 15 in Evocations
    48 | D        | Reached XP level 22. HP: 246/254 MP: 23/53
    50 | D        | Killed a large bag of meat
    51 | D        | Reached skill level 10 in Bows
    51 | D        | Reached skill level 10 in Air Magic
    51 | D        | Killed a destroyer
    51 | D        | Noticed a large bag of meat
    52 | D        | Reached XP level 23. HP: 254/262 MP: 24/54
    53 | D        | Reached skill level 15 in Crossbows
    53 | D        | Reached skill level 15 in Translocations
    53 | D        | Killed a tyrant
    54 | D        | Reached skill level 15 in Slings
    54 | D        | Reached skill level 15 in Shields
    54 | D        | Reached skill level 15 in Necromancy
    55 | D        | Reached skill level 15 in Maces & Flails
    57 | D        | Noticed an accursed
    58 | D        | Reached XP level 24. HP: 272/272 MP: 26/54
    60 | D        | Reached skill level 15 in Short Blades
    60 | D        | Reached skill level 15 in Staves
    60 | D        | Reached skill level 15 in Throwing
    60 | D        | Reached skill level 15 in Unarmed Combat
    60 | D        | Reached skill level 15 in Conjurations
    60 | D        | Reached skill level 15 in Transmutations
    60 | D        | Reached skill level 15 in Fire Magic
    60 | D        | Reached skill level 15 in Ice Magic
    60 | D        | Killed an accursed
    61 | D        | Reached skill level 15 in Summonings
    61 | D        | Reached XP level 25. HP: 257/280 MP: 26/54
    61 | D        | Killed a large bag of meat
    62 | D        | Reached skill level 15 in Hexes
    62 | D        | Reached skill level 15 in Poison Magic
    66 | D        | Reached skill level 15 in Air Magic
    66 | D        | Reached XP level 26. HP: 282/290 MP: 28/54
    67 | D        | Reached skill level 15 in Bows
    67 | D        | Noticed a destroyer
    68 | D        | Reached skill level 27 in Long Blades
    69 | D        | Reached XP level 27. HP: 291/298 MP: 28/54
    70 | D        | Reached skill level 27 in Polearms
    71 | D        | Noticed a destroyer
    73 | D        | Noticed a meat beast
    74 | D        | Noticed a destroyer
    75 | D        | Reached skill level 27 in Stealth
    75 | D        | Reached skill level 27 in Earth Magic
    75 | D        | Reached skill level 27 in Evocations
    75 | D        | Noticed a dread
    75 | D        | Noticed a destroyer
    75 | D        | Noticed a large bag of meat
    76 | D        | Killed a meat beast
    78 | D        | Killed a destroyer
    79 | D        | Noticed a tyrant
    79 | D        | Noticed a tyrant
    80 | D        | Killed a destroyer
    81 | D        | Reached skill level 27 in Crossbows
    81 | D        | Reached skill level 27 in Necromancy
    81 | D        | Reached skill level 27 in Translocations
    82 | D        | Reached skill level 27 in Slings
    82 | D        | Reached skill level 27 in Shields
    83 | D        | Noticed a dread
    83 | D        | Noticed a destroyer
    84 | D        | Killed a destroyer
    85 | D        | Noticed a destroyer
    86 | D        | Killed a destroyer
    87 | D        | Killed a large bag of meat
    88 | D        | Noticed a dread
    89 | D        | Noticed a destroyer
    89 | D        | Noticed a destroyer
    89 | D        | Noticed a dread
    89 | D        | Noticed a meat beast
    89 | D        | Noticed a meat beast
    90 | D        | Slain by a meat berserker

Illustrated notes

Levels and vault maps discovered:
D:        meatsprint

Skill      XL: |  1  2  3  4  5  6  7  8  9 10 11 12 13 14 15 16 17 18 19 20 21 22 23 24 25 26 27 |
---------------+----------------------------------------------------------------------------------+-----
Axes           | 21 23 25 27 | 27.0
Dodging        | 20 23 25 27 | 27.0
Fighting       | 11 16 20 26 27 | 27.0
Armour         | 12 19 23 27 | 27.0
Spellcasting   | 16 24 27 | 27.0
Invocations    | 23 27 | 27.0
Short Blades   | 6 8 11 12 14 16 17 18 24 | 24.8
Long Blades    | 10 13 17 19 21 24 26 27 | 27.0
Maces & Flails | 7 8 12 13 15 17 18 20 26 | 26.6
Polearms       | 9 11 16 18 20 22 24 26 27 | 27.0
Staves         | 6 8 11 12 14 16 17 18 24 | 24.9
Slings         | 7 9 12 14 16 18 20 21 27 | 27.0
Bows           | 5 6 9 10 12 13 14 16 21 | 21.5
Crossbows      | 7 9 13 14 16 18 20 21 27 | 27.0
Throwing       | 6 8 11 12 14 15 17 18 24 | 24.9
Stealth        | 9 11 15 17 19 21 23 24 27 | 27.0
Shields        | 7 9 13 14 16 18 20 21 27 | 27.0
Unarmed Combat | 6 8 11 12 14 16 17 18 24 | 24.9
Conjurations   | 6 8 11 12 14 16 17 18 24 | 24.9
Hexes          | 5 7 10 11 12 14 16 17 23 | 23.1
Summonings     | 6 7 11 12 14 15 17 18 24 | 24.8
Necromancy     | 7 9 13 14 16 18 20 21 27 | 27.0
Translocations | 7 9 13 14 16 18 20 21 27 | 27.0
Transmutations | 6 8 11 12 14 16 17 18 24 | 24.9
Fire Magic     | 6 8 11 12 14 16 17 18 24 | 24.9
Ice Magic      | 6 7 11 12 14 16 17 18 24 | 24.9
Air Magic      | 5 6 9 10 12 13 15 16 21 | 21.7
Earth Magic    | 8 11 15 17 19 21 23 24 27 | 27.0
Poison Magic   | 5 7 10 11 13 14 16 17 23 | 23.2
Evocations     | 8 11 15 17 19 21 23 24 27 | 27.0

Action                   |  1- 3 |  4- 6 |  7- 9 | 10-12 | 13-15 | 16-18 | 19-21 | 22-24 | 25-27 || total
-------------------------+-------+-------+-------+-------+-------+-------+-------+-------+-------++-------
Melee: Executioner's axe |     1 |       |       |     2 |     3 |     7 |     7 |    11 |    23 ||    54
Armor: Leather armour    |       |       |       |       |       |       |       |       |     1 ||     1
Dodge: Dodged            |       |       |       |       |       |       |     1 |       |     3 ||     4
